[ AOE2 MATCH · #462014366 ]
Team RMHuns vs Vietnamese
[ REPLAY ANALYSIS · EXTRACTED FROM THE RECORDED GAME ]
Feudal
12:36
Castle
16:31
Imperial
30:58
| APM avg | 20.6 |
| APM peak | 47 |
| eAPM avg | 14.0 |
| Villagers / military | 179 / 299 |
Focus
⚔️ 21.9% · 🌾 78.1%
Knight ×274 · Skirmisher ×25 · Trade Cart ×14
Feudal
11:47
Castle
32:42
Imperial
—
| APM avg | 34.7 |
| APM peak | 67 |
| eAPM avg | 22.8 |
| Villagers / military | 136 / 103 |
Focus
⚔️ 27.0% · 🌾 73.0%
Skirmisher ×46 · Archer ×27 · Militia ×20 · Teutonic Knight ×10
Feudal
11:05
Castle
16:34
Imperial
30:51
| APM avg | 17.0 |
| APM peak | 41 |
| eAPM avg | 13.1 |
| Villagers / military | 102 / 188 |
Focus
⚔️ 24.1% · 🌾 75.9%
Archer ×136 · War Elephant ×25 · Spearman ×25 · Bombard Cannon ×2
Feudal
10:57
Castle
14:36
Imperial
28:53
| APM avg | 42.5 |
| APM peak | 92 |
| eAPM avg | 22.3 |
| Villagers / military | 155 / 165 |
Focus
⚔️ 34.4% · 🌾 65.6%
Skirmisher ×115 · Bombard Cannon ×24 · Trebuchet (Packed) ×11 · Monk ×10 · Trade Cart ×10 · Conquistador ×5
Feudal
13:50
Castle
—
Imperial
—
| APM avg | 23.5 |
| APM peak | 52 |
| eAPM avg | 15.4 |
| Villagers / military | 86 / 203 |
Focus
⚔️ 51.1% · 🌾 48.9%
Militia ×102 · Spearman ×77 · Scout Cavalry ×15 · Skirmisher ×9
Feudal
11:36
Castle
15:24
Imperial
34:36
| APM avg | 28.3 |
| APM peak | 60 |
| eAPM avg | 17.9 |
| Villagers / military | 159 / 139 |
Focus
⚔️ 28.9% · 🌾 71.1%
Knight ×131 · Trade Cart ×14 · Monk ×8
Feudal
13:51
Castle
19:26
Imperial
41:17
| APM avg | 19.5 |
| APM peak | 45 |
| eAPM avg | 15.9 |
| Villagers / military | 170 / 379 |
Focus
⚔️ 33.7% · 🌾 66.3%
Spearman ×332 · Skirmisher ×43 · Trebuchet (Packed) ×4
Feudal
10:57
Castle
16:37
Imperial
28:37
| APM avg | 36.7 |
| APM peak | 81 |
| eAPM avg | 23.8 |
| Villagers / military | 124 / 342 |
Focus
⚔️ 56.1% · 🌾 43.9%
Skirmisher ×149 · Longbowman ×93 · Spearman ×89 · Trebuchet (Packed) ×11
Match map
Initial resources + every placement click. Lines = walls · curves = elevation contours. ◆ gold · ⬟ stone · ● berries · ✦ relic · ◌ wall gap
Your base· ✓ Closed at 16:31 · 0t walls · 3 gate(s)
Teutons_CF's base· ✓ Closed at 32:42 · 9t walls · 3 gate(s)
maoguai0714's base· ✓ Closed at 16:34 · 0t walls · 3 gate(s)
Ryuuko's base· ✓ Closed at 14:36 · 0t walls · 3 gate(s)
Aisha Nazir's base· ✓ Closed at 12:00 · 0t walls · 3 gate(s)
大刀向鬼子头上砍去's base· ✓ Closed at 15:24 · 0t walls · 2 gate(s)
ciborg's base· ✓ Closed at 19:26 · 0t walls · 2 gate(s)
Call me Ji Ye's base· ✓ Closed at 16:37 · 0t walls · 2 gate(s)
Smoothed initial terrain · ◌ = detected wall gap · hover for details
Inputs per minute
— rh90o5cjnqg4 - - Teutons_CF
Build order — rh90o5cjnqg4
First 150 of 414 actions detected
| 0:01 | Create | Villager (Male) |
| 0:02 | Create | Villager (Male) |
| 0:02 | Create | Villager (Male) |
| 0:02 | Create | Villager (Male) |
| 0:02 | Create | Villager (Male) |
| 1:15 | Create | Villager (Male) |
| 1:16 | Research | Loom |
| 1:29 | Build | Mill |
| 2:05 | Create | Villager (Male) |
| 2:05 | Create | Villager (Male) |
| 2:05 | Create | Villager (Male) |
| 2:06 | Create | Villager (Male) |
| 2:20 | Create | Villager (Male) |
| 2:20 | Create | Villager (Male) |
| 2:20 | Create | Villager (Male) |
| 2:40 | Create | Villager (Male) |
| 2:41 | Create | Villager (Male) |
| 2:41 | Create | Villager (Male) |
| 3:35 | Create | Villager (Male) |
| 3:36 | Create | Villager (Male) |
| 3:36 | Create | Villager (Male) |
| 3:36 | Create | Villager (Male) |
| 3:36 | Create | Villager (Male) |
| 3:37 | Create | Villager (Male) |
| 3:37 | Create | Villager (Male) |
| 4:05 | Create | Villager (Male) |
| 4:05 | Create | Villager (Male) |
| 4:06 | Create | Villager (Male) |
| 4:06 | Create | Villager (Male) |
| 4:27 | Create | Villager (Male) |
| 4:27 | Create | Villager (Male) |
| 4:27 | Create | Villager (Male) |
| 4:38 | Create | Villager (Male) |
| 4:39 | Create | Villager (Male) |
| 4:39 | Create | Villager (Male) |
| 4:39 | Create | Villager (Male) |
| 4:39 | Create | Villager (Male) |
| 5:12 | Create | Villager (Male) |
| 5:12 | Create | Villager (Male) |
| 5:12 | Create | Villager (Male) |
| 5:13 | Create | Villager (Male) |
| 5:13 | Create | Villager (Male) |
| 5:13 | Create | Villager (Male) |
| 5:52 | Create | Villager (Male) |
| 5:52 | Create | Villager (Male) |
| 5:53 | Create | Villager (Male) |
| 6:05 | Create | Villager (Male) |
| 6:05 | Create | Villager (Male) |
| 6:06 | Create | Villager (Male) |
| 6:06 | Create | Villager (Male) |
| 6:20 | Build | Lumber Camp |
| 6:46 | Create | Villager (Male) |
| 6:46 | Create | Villager (Male) |
| 6:47 | Create | Villager (Male) |
| 6:47 | Create | Villager (Male) |
| 6:47 | Create | Villager (Male) |
| 6:48 | Create | Villager (Male) |
| 7:06 | Create | Villager (Male) |
| 7:41 | Build | Farm |
| 7:59 | Build | Farm |
| 8:08 | Build | Farm |
| 8:37 | Build | Farm |
| 8:48 | Build | Farm |
| 9:11 | Build | Farm |
| 9:26 | Build | Mining Camp |
| 9:33 | Research | Feudal Age |
| 9:49 | Build | Farm |
| 10:02 | Build | Farm |
| 10:42 | Create | Villager (Male) |
| 10:42 | Create | Villager (Male) |
| 10:42 | Create | Villager (Male) |
| 10:47 | Build | Farm |
| 10:48 | Build | Farm |
| 12:36 | Age | Feudal Age |
| 12:39 | Build | Market |
| 12:45 | Build | Blacksmith |
| 12:56 | Research | Double-Bit Axe |
| 12:58 | Research | Horse Collar |
| 13:46 | Research | Castle Age |
| 14:13 | Research | Gold Mining |
| 14:17 | Create | Villager (Male) |
| 14:17 | Create | Villager (Male) |
| 14:17 | Create | Villager (Male) |
| 14:36 | Create | Villager (Male) |
| 14:37 | Create | Villager (Male) |
| 14:49 | Create | Villager (Male) |
| 14:49 | Create | Villager (Male) |
| 14:49 | Create | Villager (Male) |
| 14:50 | Create | Villager (Male) |
| 15:29 | Create | Villager (Male) |
| 15:29 | Create | Villager (Male) |
| 15:29 | Create | Villager (Male) |
| 15:29 | Create | Villager (Male) |
| 15:30 | Create | Villager (Male) |
| 15:38 | Build | Farm |
| 15:39 | Build | Farm |
| 16:12 | Create | Villager (Male) |
| 16:31 | Age | Castle Age |
| 16:37 | Build | Town Center |
| 16:41 | Research | Bow Saw |
| 16:52 | Build | Town Center |
| 16:56 | Research | Heavy Plow |
| 17:01 | Build | Farm |
| 17:20 | Create | Villager (Male) |
| 17:20 | Create | Villager (Male) |
| 17:20 | Create | Villager (Male) |
| 17:20 | Create | Villager (Male) |
| 17:37 | Create | Villager (Male) |
| 17:56 | Research | Stone Mining |
| 18:07 | Build | Farm |
| 18:11 | Build | Farm |
| 18:19 | Build | Farm |
| 18:31 | Create | Villager (Male) |
| 18:31 | Create | Villager (Male) |
| 18:32 | Create | Villager (Male) |
| 18:46 | Build | Farm |
| 18:47 | Build | Farm |
| 18:50 | Build | Farm |
| 18:56 | Build | Farm |
| 19:00 | Build | Farm |
| 19:09 | Create | Villager (Male) |
| 19:11 | Create | Villager (Male) |
| 19:13 | Create | Villager (Male) |
| 19:26 | Create | Villager (Male) |
| 19:47 | Build | Town Center |
| 19:58 | Create | Villager (Male) |
| 19:59 | Create | Villager (Male) |
| 20:02 | Create | Villager (Male) |
| 20:11 | Build | Farm |
| 20:13 | Build | Farm |
| 20:14 | Build | Farm |
| 20:15 | Build | Farm |
| 20:20 | Build | Farm |
| 20:24 | Create | Villager (Male) |
| 20:25 | Create | Villager (Male) |
| 20:26 | Create | Villager (Male) |
| 20:28 | Create | Villager (Male) |
| 20:39 | Create | Villager (Male) |
| 20:48 | Build | Farm |
| 20:51 | Build | Farm |
| 20:52 | Build | Farm |
| 21:02 | Create | Villager (Male) |
| 21:03 | Create | Villager (Male) |
| 21:04 | Create | Villager (Male) |
| 21:08 | Create | Villager (Male) |
| 21:24 | Create | Villager (Male) |
| 21:24 | Create | Villager (Male) |
| 21:24 | Create | Villager (Male) |
| 21:25 | Create | Villager (Male) |
| 21:36 | Build | Farm |
Build order — Teutons_CF
First 150 of 380 actions detected
| 0:02 | Create | Villager (Male) |
| 0:02 | Create | Villager (Male) |
| 0:02 | Create | Villager (Male) |
| 0:03 | Create | Villager (Male) |
| 0:03 | Create | Villager (Male) |
| 0:06 | Build | House |
| 0:09 | Build | House |
| 1:25 | Create | Villager (Male) |
| 1:26 | Create | Villager (Male) |
| 1:53 | Create | Villager (Male) |
| 1:53 | Create | Villager (Male) |
| 2:13 | Create | Villager (Male) |
| 2:14 | Create | Villager (Male) |
| 2:40 | Create | Villager (Male) |
| 2:41 | Create | Villager (Male) |
| 3:02 | Create | Villager (Male) |
| 3:02 | Create | Villager (Male) |
| 3:05 | Research | Loom |
| 3:05 | Research | Loom |
| 3:12 | Build | House |
| 3:13 | Build | House |
| 3:29 | Build | Lumber Camp |
| 3:31 | Create | Villager (Male) |
| 3:31 | Create | Villager (Male) |
| 3:45 | Create | Villager (Male) |
| 3:45 | Create | Villager (Male) |
| 4:11 | Create | Villager (Male) |
| 4:12 | Create | Villager (Male) |
| 4:12 | Create | Villager (Male) |
| 4:33 | Create | Villager (Male) |
| 4:33 | Create | Villager (Male) |
| 5:06 | Create | Villager (Male) |
| 5:06 | Create | Villager (Male) |
| 5:06 | Create | Villager (Male) |
| 5:15 | Build | Mill |
| 5:55 | Create | Villager (Male) |
| 5:55 | Create | Villager (Male) |
| 6:04 | Build | House |
| 6:05 | Build | House |
| 6:09 | Create | Villager (Male) |
| 6:10 | Create | Villager (Male) |
| 6:30 | Create | Villager (Male) |
| 6:46 | Create | Villager (Male) |
| 6:46 | Create | Villager (Male) |
| 6:46 | Create | Villager (Male) |
| 6:54 | Create | Villager (Male) |
| 6:54 | Create | Villager (Male) |
| 7:41 | Create | Villager (Male) |
| 7:54 | Build | Mill |
| 8:00 | Create | Villager (Male) |
| 8:34 | Build | House |
| 8:35 | Build | House |
| 9:06 | Research | Feudal Age |
| 9:48 | Create | Villager (Male) |
| 9:54 | Build | Mining Camp |
| 10:14 | Build | Farm |
| 10:33 | Build | Farm |
| 10:38 | Build | Farm |
| 10:38 | Build | Farm |
| 10:46 | Create | Villager (Male) |
| 10:48 | Create | Villager (Male) |
| 10:49 | Create | Villager (Male) |
| 11:18 | Build | Outpost |
| 11:20 | Build | Outpost |
| 11:22 | Build | Outpost |
| 11:24 | Build | Outpost |
| 11:42 | Create | Villager (Male) |
| 11:47 | Age | Feudal Age |
| 11:51 | Research | Double-Bit Axe |
| 12:00 | Research | Horse Collar |
| 12:00 | Research | Horse Collar |
| 12:04 | Research | Town Watch |
| 12:39 | Build | Watch Tower |
| 12:45 | Build | House |
| 13:33 | Create | Villager (Male) |
| 13:33 | Create | Villager (Male) |
| 13:39 | Build | Barracks |
| 13:55 | Build | House |
| 14:04 | Build | House |
| 14:12 | Build | Watch Tower |
| 14:19 | Create | Villager (Male) |
| 14:20 | Create | Villager (Male) |
| 14:34 | Research | Man-at-Arms (upgrade) |
| 14:34 | Create | Militia |
| 14:35 | Create | Militia |
| 14:59 | Build | Palisade Wall |
| 15:00 | Build | Palisade Wall |
| 15:01 | Build | Palisade Wall |
| 15:01 | Build | Palisade Wall |
| 15:02 | Build | Palisade Wall |
| 15:03 | Build | Palisade Wall |
| 15:04 | Build | Palisade Wall |
| 15:05 | Build | Palisade Wall |
| 15:06 | Build | Palisade Wall |
| 15:17 | Create | Villager (Male) |
| 15:18 | Create | Villager (Male) |
| 15:25 | Build | Mining Camp |
| 15:29 | Build | Farm |
| 15:29 | Build | Farm |
| 15:29 | Build | Farm |
| 15:30 | Build | Farm |
| 15:30 | Build | Farm |
| 15:30 | Build | Farm |
| 15:31 | Build | Farm |
| 15:31 | Build | Farm |
| 15:32 | Build | Farm |
| 15:37 | Create | Villager (Male) |
| 16:16 | Create | Militia |
| 16:16 | Create | Militia |
| 16:38 | Create | Militia |
| 16:39 | Create | Militia |
| 16:39 | Create | Militia |
| 16:39 | Create | Militia |
| 16:51 | Create | Militia |
| 16:51 | Create | Militia |
| 16:57 | Create | Villager (Male) |
| 16:57 | Create | Villager (Male) |
| 17:03 | Build | Farm |
| 17:03 | Build | Farm |
| 17:04 | Build | Farm |
| 17:07 | Create | Villager (Male) |
| 17:36 | Create | Militia |
| 17:36 | Create | Militia |
| 17:44 | Build | Blacksmith |
| 17:49 | Build | Archery Range |
| 17:51 | Create | Villager (Male) |
| 17:51 | Create | Villager (Male) |
| 17:52 | Create | Villager (Male) |
| 17:52 | Create | Villager (Male) |
| 18:34 | Create | Militia |
| 18:34 | Create | Militia |
| 18:34 | Create | Militia |
| 18:35 | Create | Militia |
| 18:35 | Create | Militia |
| 18:44 | Build | Farm |
| 18:44 | Build | Farm |
| 18:45 | Build | Farm |
| 18:45 | Build | Farm |
| 18:45 | Build | Farm |
| 18:45 | Build | Farm |
| 18:51 | Build | Watch Tower |
| 18:53 | Create | Archer |
| 18:54 | Create | Archer |
| 18:54 | Create | Archer |
| 19:10 | Create | Militia |
| 19:11 | Create | Militia |
| 19:17 | Create | Villager (Male) |
| 19:17 | Create | Villager (Male) |
| 19:18 | Create | Villager (Male) |
| 19:18 | Create | Villager (Male) |
Build order — maoguai0714
First 150 of 298 actions detected
| 0:00 | Create | Villager (Male) |
| 0:01 | Create | Villager (Male) |
| 0:01 | Create | Villager (Male) |
| 0:05 | Build | House |
| 0:06 | Build | House |
| 0:07 | Build | House |
| 0:44 | Create | Villager (Male) |
| 0:44 | Create | Villager (Male) |
| 0:53 | Build | House |
| 1:31 | Create | Villager (Male) |
| 2:15 | Create | Villager (Male) |
| 2:15 | Create | Villager (Male) |
| 3:03 | Create | Villager (Male) |
| 3:03 | Create | Villager (Male) |
| 3:31 | Create | Villager (Male) |
| 4:10 | Create | Villager (Male) |
| 4:35 | Create | Villager (Male) |
| 4:35 | Create | Villager (Male) |
| 4:46 | Create | Villager (Male) |
| 5:14 | Build | Lumber Camp |
| 5:19 | Create | Villager (Male) |
| 5:19 | Create | Villager (Male) |
| 5:37 | Create | Villager (Male) |
| 5:38 | Create | Villager (Male) |
| 5:50 | Create | Villager (Male) |
| 6:41 | Build | Mill |
| 7:58 | Create | Villager (Male) |
| 7:58 | Create | Villager (Male) |
| 8:16 | Build | Farm |
| 8:17 | Build | Farm |
| 8:18 | Build | Farm |
| 8:19 | Build | Farm |
| 8:28 | Build | Farm |
| 8:29 | Build | Farm |
| 8:47 | Create | Villager (Male) |
| 9:01 | Research | Feudal Age |
| 9:23 | Build | Farm |
| 9:28 | Build | Farm |
| 9:57 | Build | House |
| 9:58 | Build | House |
| 10:02 | Build | House |
| 10:06 | Create | Villager (Male) |
| 10:24 | Create | Villager (Male) |
| 10:41 | Build | House |
| 10:46 | Build | House |
| 11:05 | Age | Feudal Age |
| 11:13 | Build | Blacksmith |
| 11:20 | Build | Market |
| 11:24 | Build | House |
| 11:29 | Create | Villager (Male) |
| 11:29 | Create | Villager (Male) |
| 12:17 | Build | Mining Camp |
| 12:22 | Create | Villager (Male) |
| 12:50 | Create | Villager (Male) |
| 12:50 | Create | Villager (Male) |
| 12:55 | Build | Farm |
| 12:55 | Build | Farm |
| 12:56 | Build | Farm |
| 13:45 | Create | Villager (Male) |
| 13:56 | Build | Barracks |
| 14:09 | Research | Castle Age |
| 14:40 | Create | Villager (Male) |
| 14:47 | Build | Mining Camp |
| 15:00 | Research | Double-Bit Axe |
| 15:07 | Create | Villager (Male) |
| 15:07 | Create | Villager (Male) |
| 15:17 | Build | Farm |
| 15:52 | Research | Horse Collar |
| 16:18 | Build | House |
| 16:19 | Build | House |
| 16:20 | Build | House |
| 16:27 | Create | Villager (Male) |
| 16:27 | Create | Villager (Male) |
| 16:34 | Age | Castle Age |
| 16:44 | Build | Town Center |
| 16:55 | Build | House |
| 16:56 | Build | House |
| 18:33 | Create | Villager (Male) |
| 18:34 | Create | Villager (Male) |
| 18:41 | Build | Archery Range |
| 18:46 | Build | Archery Range |
| 18:50 | Build | House |
| 18:52 | Create | Villager (Male) |
| 18:52 | Create | Villager (Male) |
| 18:54 | Create | Villager (Male) |
| 18:54 | Create | Villager (Male) |
| 19:00 | Create | Villager (Male) |
| 19:00 | Create | Villager (Male) |
| 19:01 | Create | Villager (Male) |
| 19:06 | Build | Farm |
| 19:32 | Create | Villager (Male) |
| 19:43 | Build | Farm |
| 19:50 | Create | Villager (Male) |
| 19:51 | Create | Villager (Male) |
| 20:07 | Create | Villager (Male) |
| 20:07 | Create | Villager (Male) |
| 20:25 | Build | Stable |
| 20:34 | Research | Bow Saw |
| 20:48 | Create | Villager (Male) |
| 20:54 | Build | Farm |
| 20:55 | Build | Farm |
| 21:01 | Create | Villager (Male) |
| 21:01 | Create | Villager (Male) |
| 21:02 | Create | Villager (Male) |
| 21:15 | Create | Villager (Male) |
| 21:17 | Research | Heavy Plow |
| 21:28 | Build | House |
| 21:29 | Build | House |
| 21:30 | Build | House |
| 21:43 | Create | Villager (Male) |
| 21:43 | Create | Villager (Male) |
| 21:47 | Build | Farm |
| 21:49 | Build | Farm |
| 21:49 | Build | Farm |
| 21:56 | Build | Farm |
| 21:59 | Create | Villager (Male) |
| 22:04 | Build | Farm |
| 22:06 | Build | Farm |
| 22:07 | Build | Farm |
| 22:08 | Build | Farm |
| 22:09 | Build | Farm |
| 22:09 | Build | Farm |
| 22:24 | Build | Farm |
| 22:24 | Build | Farm |
| 22:44 | Build | Castle |
| 22:58 | Build | University |
| 23:01 | Build | House |
| 23:16 | Research | Loom |
| 23:16 | Create | Villager (Male) |
| 23:17 | Create | Villager (Male) |
| 23:17 | Create | Villager (Male) |
| 23:21 | Research | Wheelbarrow |
| 23:25 | Create | Villager (Male) |
| 23:26 | Create | Villager (Male) |
| 23:39 | Build | Lumber Camp |
| 24:04 | Build | Farm |
| 24:16 | Build | Farm |
| 24:48 | Build | Archery Range |
| 24:52 | Create | Villager (Male) |
| 24:53 | Create | Villager (Male) |
| 25:22 | Research | Hand Cart |
| 25:39 | Build | Archery Range |
| 25:42 | Research | Kamandaran |
| 25:48 | Research | Fletching |
| 25:49 | Research | Padded Archer Armor |
| 26:00 | Create | Villager (Male) |
| 26:15 | Build | Mill |
| 26:18 | Build | Farm |
| 26:19 | Build | Farm |
| 26:20 | Build | Farm |
Build order — Ryuuko
First 150 of 425 actions detected
| 0:02 | Create | Villager (Male) |
| 0:02 | Create | Villager (Male) |
| 0:04 | Build | House |
| 0:06 | Build | House |
| 0:10 | Create | Villager (Male) |
| 0:14 | Create | Villager (Male) |
| 1:26 | Create | Villager (Male) |
| 1:55 | Create | Villager (Male) |
| 2:29 | Create | Villager (Male) |
| 2:29 | Create | Villager (Male) |
| 2:31 | Build | Lumber Camp |
| 2:52 | Create | Villager (Male) |
| 3:14 | Create | Villager (Male) |
| 3:14 | Create | Villager (Male) |
| 3:28 | Build | House |
| 3:33 | Create | Villager (Male) |
| 3:33 | Create | Villager (Male) |
| 3:54 | Create | Villager (Male) |
| 3:54 | Create | Villager (Male) |
| 3:58 | Build | House |
| 4:35 | Create | Villager (Male) |
| 4:35 | Create | Villager (Male) |
| 4:54 | Build | Mill |
| 5:18 | Create | Villager (Male) |
| 5:35 | Create | Villager (Male) |
| 5:35 | Create | Villager (Male) |
| 5:35 | Create | Villager (Male) |
| 6:12 | Create | Villager (Male) |
| 6:17 | Create | Villager (Male) |
| 6:46 | Create | Villager (Male) |
| 7:41 | Create | Villager (Male) |
| 7:45 | Create | Villager (Male) |
| 7:56 | Create | Villager (Male) |
| 8:10 | Create | Villager (Male) |
| 8:30 | Build | Mining Camp |
| 8:42 | Research | Feudal Age |
| 8:49 | Build | Farm |
| 9:16 | Build | House |
| 10:38 | Create | Villager (Male) |
| 10:38 | Create | Villager (Male) |
| 10:57 | Age | Feudal Age |
| 10:59 | Build | Market |
| 11:02 | Build | Blacksmith |
| 11:41 | Build | Farm |
| 11:50 | Build | Farm |
| 11:56 | Research | Castle Age |
| 12:57 | Build | Farm |
| 13:00 | Research | Double-Bit Axe |
| 13:01 | Research | Double-Bit Axe |
| 14:08 | Research | Horse Collar |
| 14:21 | Build | Farm |
| 14:36 | Age | Castle Age |
| 14:41 | Build | Town Center |
| 14:43 | Create | Villager (Male) |
| 14:47 | Build | Town Center |
| 14:55 | Create | Villager (Male) |
| 15:00 | Build | House |
| 15:06 | Research | Bow Saw |
| 15:36 | Create | Villager (Male) |
| 15:38 | Build | Farm |
| 15:42 | Create | Villager (Male) |
| 15:52 | Build | Farm |
| 15:54 | Build | Farm |
| 15:56 | Build | Farm |
| 16:02 | Build | Farm |
| 16:05 | Build | Farm |
| 16:08 | Build | Farm |
| 16:11 | Build | Farm |
| 16:13 | Create | Villager (Male) |
| 16:16 | Build | Farm |
| 16:17 | Build | Farm |
| 16:25 | Build | House |
| 16:35 | Create | Villager (Male) |
| 16:40 | Create | Villager (Male) |
| 16:41 | Build | Farm |
| 17:03 | Create | Villager (Male) |
| 17:16 | Create | Villager (Male) |
| 17:28 | Create | Villager (Male) |
| 17:31 | Build | House |
| 17:32 | Create | Villager (Male) |
| 17:35 | Build | Farm |
| 17:37 | Build | Farm |
| 17:38 | Create | Villager (Male) |
| 17:39 | Build | Farm |
| 17:48 | Build | Farm |
| 17:51 | Build | Farm |
| 17:53 | Create | Villager (Male) |
| 18:03 | Build | Monastery |
| 18:05 | Create | Villager (Male) |
| 18:09 | Create | Villager (Male) |
| 18:12 | Build | Farm |
| 18:15 | Create | Villager (Male) |
| 18:31 | Create | Villager (Male) |
| 18:31 | Create | Villager (Male) |
| 18:41 | Build | Town Center |
| 18:45 | Create | Villager (Male) |
| 18:49 | Build | House |
| 18:50 | Create | Monk |
| 18:52 | Create | Monk |
| 18:56 | Build | House |
| 18:57 | Create | Villager (Male) |
| 19:04 | Create | Villager (Male) |
| 19:13 | Create | Villager (Male) |
| 19:21 | Research | Wheelbarrow |
| 19:21 | Research | Wheelbarrow |
| 19:23 | Create | Villager (Male) |
| 19:26 | Build | House |
| 19:37 | Build | Farm |
| 19:39 | Build | Farm |
| 19:58 | Create | Villager (Male) |
| 19:58 | Create | Villager (Male) |
| 20:06 | Create | Villager (Male) |
| 20:08 | Create | Villager (Male) |
| 20:15 | Create | Villager (Male) |
| 20:21 | Build | House |
| 20:22 | Build | House |
| 20:23 | Create | Villager (Male) |
| 20:34 | Create | Villager (Male) |
| 20:41 | Create | Villager (Male) |
| 20:44 | Create | Villager (Male) |
| 20:48 | Build | Farm |
| 20:51 | Build | Farm |
| 20:51 | Create | Villager (Male) |
| 20:52 | Build | Farm |
| 20:55 | Build | Farm |
| 20:55 | Create | Villager (Male) |
| 20:58 | Create | Villager (Male) |
| 21:02 | Create | Villager (Male) |
| 21:07 | Create | Villager (Male) |
| 21:09 | Build | Farm |
| 21:10 | Build | Farm |
| 21:19 | Create | Villager (Male) |
| 21:25 | Build | Town Center |
| 21:28 | Create | Villager (Male) |
| 21:33 | Create | Villager (Male) |
| 21:34 | Build | Farm |
| 21:34 | Create | Villager (Male) |
| 21:37 | Create | Villager (Male) |
| 21:40 | Build | House |
| 21:41 | Build | House |
| 21:41 | Create | Villager (Male) |
| 21:49 | Create | Villager (Male) |
| 22:01 | Create | Villager (Male) |
| 22:03 | Build | Farm |
| 22:04 | Create | Villager (Male) |
| 22:12 | Create | Villager (Male) |
| 22:16 | Create | Villager (Male) |
| 22:19 | Create | Villager (Male) |
| 22:21 | Build | Farm |
| 22:21 | Build | Farm |
Build order — Aisha Nazir
First 150 of 338 actions detected
| 0:07 | Create | Villager (Male) |
| 0:08 | Research | Loom |
| 0:08 | Create | Villager (Male) |
| 0:09 | Create | Villager (Male) |
| 0:09 | Create | Villager (Male) |
| 0:09 | Create | Villager (Male) |
| 0:09 | Create | Villager (Male) |
| 0:09 | Create | Villager (Male) |
| 0:15 | Build | House |
| 0:18 | Build | House |
| 1:29 | Build | Mule Cart |
| 2:17 | Create | Villager (Male) |
| 2:17 | Create | Villager (Male) |
| 2:18 | Create | Villager (Male) |
| 2:18 | Create | Villager (Male) |
| 2:28 | Create | Villager (Male) |
| 2:28 | Create | Villager (Male) |
| 2:28 | Create | Villager (Male) |
| 2:28 | Create | Villager (Male) |
| 2:58 | Create | Villager (Male) |
| 2:58 | Create | Villager (Male) |
| 2:58 | Create | Villager (Male) |
| 2:58 | Create | Villager (Male) |
| 3:29 | Create | Villager (Male) |
| 3:29 | Create | Villager (Male) |
| 3:29 | Create | Villager (Male) |
| 3:42 | Create | Villager (Male) |
| 3:42 | Create | Villager (Male) |
| 3:42 | Create | Villager (Male) |
| 3:59 | Create | Villager (Male) |
| 4:00 | Create | Villager (Male) |
| 4:00 | Create | Villager (Male) |
| 4:05 | Build | House |
| 4:08 | Build | House |
| 4:30 | Create | Villager (Male) |
| 4:30 | Create | Villager (Male) |
| 4:31 | Create | Villager (Male) |
| 4:31 | Create | Villager (Male) |
| 4:31 | Create | Villager (Male) |
| 4:52 | Create | Villager (Male) |
| 4:52 | Create | Villager (Male) |
| 4:52 | Create | Villager (Male) |
| 5:09 | Build | Mill |
| 6:12 | Build | Farm |
| 6:20 | Build | House |
| 6:39 | Create | Villager (Male) |
| 6:40 | Create | Villager (Male) |
| 6:40 | Create | Villager (Male) |
| 6:50 | Create | Villager (Male) |
| 6:50 | Create | Villager (Male) |
| 6:50 | Create | Villager (Male) |
| 6:50 | Create | Villager (Male) |
| 6:57 | Build | House |
| 7:00 | Build | House |
| 7:15 | Create | Villager (Male) |
| 7:15 | Create | Villager (Male) |
| 7:15 | Create | Villager (Male) |
| 7:48 | Create | Villager (Male) |
| 7:48 | Create | Villager (Male) |
| 7:49 | Create | Villager (Male) |
| 7:49 | Create | Villager (Male) |
| 8:02 | Build | Farm |
| 8:19 | Build | Mule Cart |
| 8:36 | Create | Villager (Male) |
| 8:36 | Create | Villager (Male) |
| 8:54 | Build | Farm |
| 9:23 | Build | Farm |
| 9:30 | Create | Villager (Male) |
| 9:30 | Create | Villager (Male) |
| 9:30 | Create | Villager (Male) |
| 9:31 | Create | Villager (Male) |
| 9:31 | Create | Villager (Male) |
| 10:34 | Build | Mule Cart |
| 10:49 | Create | Villager (Male) |
| 10:55 | Build | Farm |
| 11:13 | Create | Villager (Male) |
| 11:22 | Build | Farm |
| 11:36 | Research | Feudal Age |
| 11:46 | Build | Farm |
| 12:04 | Create | Villager (Male) |
| 12:04 | Create | Villager (Male) |
| 12:05 | Create | Villager (Male) |
| 12:05 | Create | Villager (Male) |
| 12:05 | Create | Villager (Male) |
| 12:05 | Create | Villager (Male) |
| 12:33 | Build | Barracks |
| 12:56 | Create | Villager (Male) |
| 12:57 | Create | Villager (Male) |
| 13:00 | Create | Spearman |
| 13:00 | Create | Spearman |
| 13:15 | Build | Barracks |
| 13:50 | Age | Feudal Age |
| 13:55 | Build | Market |
| 13:57 | Research | Man-at-Arms (upgrade) |
| 14:23 | Build | Barracks |
| 14:36 | Research | Arson |
| 14:46 | Build | House |
| 14:50 | Build | House |
| 15:07 | Research | Long Swordsman (upgrade) |
| 15:23 | Create | Militia |
| 15:23 | Create | Militia |
| 15:24 | Create | Militia |
| 15:24 | Create | Militia |
| 15:24 | Create | Militia |
| 15:24 | Create | Militia |
| 15:30 | Build | House |
| 15:33 | Build | House |
| 15:49 | Create | Militia |
| 15:49 | Create | Militia |
| 15:49 | Create | Militia |
| 15:49 | Create | Militia |
| 16:11 | Create | Militia |
| 16:11 | Create | Militia |
| 16:11 | Create | Militia |
| 16:11 | Create | Militia |
| 16:33 | Create | Militia |
| 16:33 | Create | Militia |
| 16:33 | Create | Militia |
| 16:34 | Create | Militia |
| 17:05 | Create | Militia |
| 17:05 | Create | Militia |
| 17:05 | Create | Militia |
| 17:05 | Create | Militia |
| 17:06 | Create | Militia |
| 17:26 | Build | Watch Tower |
| 17:40 | Build | Watch Tower |
| 17:46 | Create | Militia |
| 17:46 | Create | Militia |
| 17:46 | Create | Militia |
| 17:47 | Create | Militia |
| 18:47 | Create | Militia |
| 18:48 | Create | Militia |
| 18:48 | Create | Militia |
| 18:48 | Create | Militia |
| 18:48 | Create | Militia |
| 18:48 | Create | Militia |
| 20:01 | Create | Militia |
| 20:01 | Create | Militia |
| 20:01 | Create | Militia |
| 20:01 | Create | Militia |
| 20:02 | Create | Militia |
| 20:02 | Create | Militia |
| 20:31 | Create | Militia |
| 21:04 | Build | Watch Tower |
| 21:26 | Create | Militia |
| 21:26 | Create | Militia |
| 21:26 | Create | Militia |
| 21:29 | Create | Militia |
| 21:29 | Create | Militia |
| 21:30 | Create | Militia |
Build order — 大刀向鬼子头上砍去
First 150 of 485 actions detected
| 0:03 | Create | Villager (Male) |
| 0:03 | Create | Villager (Male) |
| 0:03 | Create | Villager (Male) |
| 0:04 | Create | Villager (Male) |
| 0:04 | Create | Villager (Male) |
| 0:06 | Build | House |
| 0:07 | Build | House |
| 0:10 | Build | House |
| 0:11 | Build | House |
| 1:44 | Create | Villager (Male) |
| 1:44 | Create | Villager (Male) |
| 2:00 | Build | Lumber Camp |
| 2:21 | Create | Villager (Male) |
| 2:21 | Create | Villager (Male) |
| 2:41 | Create | Villager (Male) |
| 2:41 | Create | Villager (Male) |
| 3:32 | Create | Villager (Male) |
| 3:32 | Create | Villager (Male) |
| 4:29 | Create | Villager (Male) |
| 4:29 | Create | Villager (Male) |
| 5:10 | Create | Villager (Male) |
| 5:10 | Create | Villager (Male) |
| 5:11 | Create | Villager (Male) |
| 5:20 | Create | Villager (Male) |
| 5:20 | Create | Villager (Male) |
| 6:02 | Create | Villager (Male) |
| 6:03 | Create | Villager (Male) |
| 6:40 | Create | Villager (Male) |
| 6:58 | Build | Mill |
| 7:20 | Create | Villager (Male) |
| 7:20 | Create | Villager (Male) |
| 7:56 | Create | Villager (Male) |
| 8:37 | Build | Mining Camp |
| 8:46 | Create | Villager (Male) |
| 9:26 | Research | Feudal Age |
| 9:58 | Build | House |
| 9:59 | Build | House |
| 11:22 | Build | House |
| 11:36 | Age | Feudal Age |
| 11:43 | Build | Market |
| 11:47 | Build | Blacksmith |
| 12:05 | Create | Villager (Male) |
| 12:44 | Research | Castle Age |
| 13:04 | Build | Farm |
| 13:05 | Build | Farm |
| 13:12 | Build | Farm |
| 13:19 | Build | Farm |
| 13:21 | Build | Farm |
| 13:22 | Build | Farm |
| 13:56 | Research | Double-Bit Axe |
| 14:37 | Research | Stone Mining |
| 15:24 | Age | Castle Age |
| 15:29 | Build | Town Center |
| 15:39 | Build | Town Center |
| 15:45 | Research | Wheelbarrow |
| 16:28 | Research | Bow Saw |
| 17:03 | Create | Villager (Male) |
| 17:04 | Create | Villager (Male) |
| 17:13 | Build | Farm |
| 17:15 | Build | Farm |
| 17:30 | Build | Farm |
| 17:37 | Create | Villager (Male) |
| 17:41 | Build | Farm |
| 18:01 | Build | Farm |
| 18:05 | Create | Villager (Male) |
| 18:27 | Build | Farm |
| 18:29 | Create | Villager (Male) |
| 18:31 | Create | Villager (Male) |
| 18:35 | Research | Loom |
| 18:44 | Create | Villager (Male) |
| 18:50 | Create | Villager (Male) |
| 19:00 | Build | Farm |
| 19:04 | Build | Farm |
| 19:07 | Create | Villager (Male) |
| 19:20 | Create | Villager (Male) |
| 19:23 | Build | Farm |
| 19:28 | Build | Farm |
| 19:32 | Create | Villager (Male) |
| 19:35 | Create | Trade Cart |
| 19:35 | Create | Trade Cart |
| 19:37 | Create | Trade Cart |
| 20:05 | Create | Villager (Male) |
| 20:06 | Create | Villager (Male) |
| 20:06 | Create | Villager (Male) |
| 20:09 | Build | Farm |
| 20:11 | Build | Farm |
| 20:21 | Create | Villager (Male) |
| 20:34 | Build | Town Center |
| 20:36 | Create | Villager (Male) |
| 20:37 | Create | Villager (Male) |
| 20:38 | Create | Villager (Male) |
| 20:50 | Build | Farm |
| 20:52 | Create | Villager (Male) |
| 20:57 | Create | Villager (Male) |
| 21:00 | Create | Villager (Male) |
| 21:13 | Build | Barracks |
| 21:18 | Research | Forging |
| 21:35 | Build | House |
| 21:37 | Build | House |
| 22:12 | Build | Stable |
| 22:15 | Create | Villager (Male) |
| 22:16 | Create | Villager (Male) |
| 22:17 | Create | Villager (Male) |
| 22:34 | Create | Villager (Male) |
| 22:35 | Create | Villager (Male) |
| 22:38 | Create | Villager (Male) |
| 22:46 | Build | Stable |
| 23:02 | Build | Town Center |
| 23:08 | Create | Villager (Male) |
| 23:09 | Create | Villager (Male) |
| 23:25 | Create | Knight |
| 23:26 | Create | Knight |
| 23:33 | Build | House |
| 23:34 | Build | House |
| 23:37 | Build | House |
| 23:38 | Build | House |
| 23:38 | Build | House |
| 23:39 | Build | House |
| 23:39 | Build | House |
| 23:41 | Build | House |
| 23:43 | Build | House |
| 23:44 | Build | House |
| 23:46 | Create | Villager (Male) |
| 23:47 | Create | Villager (Male) |
| 23:49 | Create | Villager (Male) |
| 23:49 | Create | Villager (Male) |
| 23:51 | Create | Villager (Male) |
| 23:55 | Create | Knight |
| 23:55 | Create | Knight |
| 24:07 | Create | Villager (Male) |
| 24:09 | Research | Iron Casting |
| 24:15 | Build | Farm |
| 24:16 | Build | Farm |
| 24:21 | Build | Farm |
| 24:22 | Create | Villager (Male) |
| 24:24 | Create | Villager (Male) |
| 24:30 | Build | Farm |
| 24:34 | Create | Knight |
| 24:39 | Build | Farm |
| 24:41 | Create | Villager (Male) |
| 24:44 | Create | Trade Cart |
| 24:52 | Create | Knight |
| 24:57 | Create | Knight |
| 25:03 | Build | Farm |
| 25:04 | Build | Farm |
| 25:07 | Create | Villager (Male) |
| 25:09 | Create | Villager (Male) |
| 25:33 | Create | Villager (Male) |
| 25:34 | Create | Villager (Male) |
| 25:34 | Create | Villager (Male) |
Build order — ciborg
First 150 of 455 actions detected
| 0:07 | Build | House |
| 0:13 | Build | House |
| 0:17 | Build | House |
| 0:21 | Build | House |
| 0:23 | Create | Villager (Male) |
| 0:24 | Create | Villager (Male) |
| 0:24 | Create | Villager (Male) |
| 0:24 | Create | Villager (Male) |
| 0:24 | Create | Villager (Male) |
| 0:25 | Create | Villager (Male) |
| 0:46 | Research | Loom |
| 1:56 | Build | Lumber Camp |
| 1:58 | Create | Villager (Male) |
| 1:59 | Create | Villager (Male) |
| 2:44 | Create | Villager (Male) |
| 2:45 | Create | Villager (Male) |
| 2:48 | Create | Villager (Male) |
| 3:33 | Create | Villager (Male) |
| 3:34 | Create | Villager (Male) |
| 3:38 | Create | Villager (Male) |
| 3:39 | Create | Villager (Male) |
| 4:18 | Create | Villager (Male) |
| 4:18 | Create | Villager (Male) |
| 4:19 | Create | Villager (Male) |
| 5:08 | Create | Villager (Male) |
| 5:08 | Create | Villager (Male) |
| 5:18 | Build | Mill |
| 5:51 | Create | Villager (Male) |
| 5:51 | Create | Villager (Male) |
| 5:51 | Create | Villager (Male) |
| 5:52 | Create | Villager (Male) |
| 5:52 | Create | Villager (Male) |
| 6:57 | Create | Villager (Male) |
| 6:57 | Create | Villager (Male) |
| 6:57 | Create | Villager (Male) |
| 6:58 | Create | Villager (Male) |
| 6:58 | Create | Villager (Male) |
| 7:36 | Create | Villager (Male) |
| 7:36 | Create | Villager (Male) |
| 8:01 | Build | Mining Camp |
| 8:36 | Create | Villager (Male) |
| 8:37 | Create | Villager (Male) |
| 8:37 | Create | Villager (Male) |
| 8:37 | Create | Villager (Male) |
| 8:38 | Create | Villager (Male) |
| 8:38 | Create | Villager (Male) |
| 8:43 | Build | House |
| 8:45 | Build | House |
| 8:46 | Build | House |
| 8:47 | Build | House |
| 10:12 | Build | Farm |
| 10:15 | Build | Farm |
| 10:16 | Build | Farm |
| 10:20 | Build | Farm |
| 10:26 | Build | Farm |
| 10:41 | Build | Farm |
| 10:58 | Research | Feudal Age |
| 11:23 | Build | Farm |
| 11:36 | Build | Farm |
| 11:41 | Build | Farm |
| 11:48 | Create | Villager (Male) |
| 11:48 | Create | Villager (Male) |
| 11:48 | Create | Villager (Male) |
| 11:49 | Create | Villager (Male) |
| 11:49 | Create | Villager (Male) |
| 11:49 | Create | Villager (Male) |
| 11:49 | Create | Villager (Male) |
| 12:11 | Build | Farm |
| 12:28 | Build | Farm |
| 12:38 | Build | Farm |
| 12:45 | Build | Farm |
| 12:54 | Create | Villager (Male) |
| 12:55 | Create | Villager (Male) |
| 12:56 | Create | Villager (Male) |
| 12:56 | Create | Villager (Male) |
| 13:30 | Build | Farm |
| 13:32 | Build | Farm |
| 13:51 | Age | Feudal Age |
| 13:54 | Build | Farm |
| 14:08 | Build | Farm |
| 14:28 | Research | Double-Bit Axe |
| 14:34 | Research | Horse Collar |
| 15:04 | Build | Market |
| 15:58 | Build | Blacksmith |
| 16:37 | Research | Castle Age |
| 16:47 | Build | Barracks |
| 17:01 | Create | Villager (Male) |
| 17:01 | Create | Villager (Male) |
| 17:02 | Create | Villager (Male) |
| 17:02 | Create | Villager (Male) |
| 17:02 | Create | Villager (Male) |
| 17:02 | Create | Villager (Male) |
| 19:26 | Age | Castle Age |
| 19:34 | Build | Town Center |
| 19:58 | Build | Town Center |
| 20:11 | Build | Town Center |
| 20:17 | Create | Villager (Male) |
| 20:17 | Create | Villager (Male) |
| 20:17 | Create | Villager (Male) |
| 20:17 | Create | Villager (Male) |
| 20:18 | Create | Villager (Male) |
| 20:18 | Create | Villager (Male) |
| 20:18 | Create | Villager (Male) |
| 20:18 | Create | Villager (Male) |
| 20:19 | Create | Villager (Male) |
| 20:19 | Create | Villager (Male) |
| 20:19 | Create | Villager (Male) |
| 20:20 | Create | Villager (Male) |
| 20:23 | Create | Villager (Male) |
| 20:24 | Create | Villager (Male) |
| 20:24 | Create | Villager (Male) |
| 20:24 | Create | Villager (Male) |
| 20:25 | Create | Villager (Male) |
| 20:25 | Create | Villager (Male) |
| 20:25 | Create | Villager (Male) |
| 20:41 | Create | Villager (Male) |
| 20:42 | Create | Villager (Male) |
| 21:09 | Research | Bow Saw |
| 21:09 | Research | Bow Saw |
| 21:38 | Research | Heavy Plow |
| 22:16 | Create | Villager (Male) |
| 22:16 | Create | Villager (Male) |
| 22:16 | Create | Villager (Male) |
| 22:16 | Create | Villager (Male) |
| 22:33 | Build | House |
| 22:34 | Build | House |
| 22:35 | Build | House |
| 22:36 | Build | House |
| 22:37 | Build | House |
| 22:38 | Build | House |
| 22:52 | Create | Villager (Male) |
| 22:52 | Create | Villager (Male) |
| 22:52 | Create | Villager (Male) |
| 22:52 | Create | Villager (Male) |
| 22:54 | Create | Villager (Male) |
| 23:09 | Build | Farm |
| 23:12 | Build | Farm |
| 23:13 | Build | Farm |
| 23:14 | Build | Farm |
| 23:17 | Build | Farm |
| 23:18 | Build | Farm |
| 23:20 | Build | Farm |
| 23:21 | Build | Farm |
| 23:23 | Build | Farm |
| 23:24 | Build | Farm |
| 23:26 | Build | Farm |
| 23:28 | Build | Farm |
| 23:45 | Create | Villager (Male) |
| 23:45 | Create | Villager (Male) |
| 23:45 | Create | Villager (Male) |
Build order — Call me Ji Ye
First 150 of 667 actions detected
| 0:02 | Create | Villager (Male) |
| 0:02 | Create | Villager (Male) |
| 0:02 | Create | Villager (Male) |
| 0:04 | Build | House |
| 0:06 | Build | House |
| 0:15 | Create | Villager (Male) |
| 0:15 | Create | Villager (Male) |
| 0:16 | Create | Villager (Male) |
| 1:26 | Create | Villager (Male) |
| 1:26 | Create | Villager (Male) |
| 1:48 | Create | Villager (Male) |
| 1:48 | Create | Villager (Male) |
| 1:53 | Build | Lumber Camp |
| 2:07 | Create | Villager (Male) |
| 2:07 | Create | Villager (Male) |
| 2:34 | Create | Villager (Male) |
| 2:34 | Create | Villager (Male) |
| 2:50 | Create | Villager (Male) |
| 2:50 | Create | Villager (Male) |
| 3:18 | Create | Villager (Male) |
| 3:18 | Create | Villager (Male) |
| 3:40 | Create | Villager (Male) |
| 3:40 | Create | Villager (Male) |
| 3:51 | Build | House |
| 3:53 | Build | House |
| 4:10 | Create | Villager (Male) |
| 4:11 | Create | Villager (Male) |
| 4:37 | Create | Villager (Male) |
| 4:37 | Create | Villager (Male) |
| 4:37 | Create | Villager (Male) |
| 5:32 | Create | Villager (Male) |
| 5:41 | Create | Villager (Male) |
| 6:01 | Create | Villager (Male) |
| 6:05 | Create | Villager (Male) |
| 6:06 | Create | Villager (Male) |
| 6:24 | Build | Mill |
| 6:28 | Create | Villager (Male) |
| 7:33 | Create | Villager (Male) |
| 7:37 | Build | Mining Camp |
| 8:02 | Create | Villager (Male) |
| 8:06 | Research | Feudal Age |
| 8:38 | Build | Mining Camp |
| 9:34 | Research | Loom |
| 9:34 | Create | Villager (Male) |
| 9:34 | Create | Villager (Male) |
| 9:35 | Create | Villager (Male) |
| 9:47 | Build | House |
| 9:54 | Build | Barracks |
| 10:01 | Build | Farm |
| 10:34 | Build | Farm |
| 10:38 | Build | Farm |
| 10:57 | Age | Feudal Age |
| 11:07 | Build | Farm |
| 11:22 | Build | Blacksmith |
| 11:29 | Build | Farm |
| 11:31 | Build | Farm |
| 11:36 | Build | Archery Range |
| 11:45 | Create | Villager (Male) |
| 12:23 | Build | Farm |
| 12:40 | Build | Farm |
| 13:00 | Create | Villager (Male) |
| 13:05 | Build | Farm |
| 13:48 | Build | House |
| 13:49 | Build | House |
| 13:57 | Research | Castle Age |
| 13:57 | Research | Castle Age |
| 13:57 | Research | Castle Age |
| 15:11 | Build | House |
| 15:12 | Build | House |
| 15:51 | Research | Horse Collar |
| 15:53 | Research | Double-Bit Axe |
| 15:53 | Research | Double-Bit Axe |
| 15:57 | Research | Gold Mining |
| 15:58 | Research | Gold Mining |
| 16:37 | Age | Castle Age |
| 16:37 | Create | Villager (Male) |
| 16:38 | Create | Villager (Male) |
| 16:38 | Create | Villager (Male) |
| 16:44 | Build | Town Center |
| 17:00 | Create | Villager (Male) |
| 17:00 | Create | Villager (Male) |
| 17:12 | Build | Town Center |
| 17:49 | Build | Castle |
| 17:54 | Create | Villager (Male) |
| 18:21 | Build | Farm |
| 18:22 | Build | Farm |
| 18:24 | Create | Villager (Male) |
| 18:25 | Create | Villager (Male) |
| 18:25 | Create | Villager (Male) |
| 18:26 | Create | Villager (Male) |
| 18:26 | Create | Villager (Male) |
| 18:50 | Create | Villager (Male) |
| 18:51 | Create | Villager (Male) |
| 18:51 | Create | Villager (Male) |
| 18:51 | Create | Villager (Male) |
| 18:56 | Build | Farm |
| 19:01 | Build | Farm |
| 19:06 | Build | Farm |
| 19:09 | Build | Farm |
| 19:17 | Create | Villager (Male) |
| 19:18 | Create | Villager (Male) |
| 19:24 | Create | Villager (Male) |
| 19:25 | Create | Villager (Male) |
| 19:25 | Create | Villager (Male) |
| 19:30 | Build | Farm |
| 19:31 | Build | Farm |
| 19:44 | Build | Farm |
| 19:47 | Create | Villager (Male) |
| 20:22 | Create | Villager (Male) |
| 20:22 | Create | Villager (Male) |
| 20:23 | Create | Villager (Male) |
| 20:26 | Build | Farm |
| 20:27 | Build | Farm |
| 20:39 | Research | Wheelbarrow |
| 20:39 | Research | Wheelbarrow |
| 20:45 | Create | Villager (Male) |
| 20:46 | Create | Villager (Male) |
| 20:52 | Build | Farm |
| 21:06 | Build | Farm |
| 21:14 | Create | Villager (Male) |
| 21:15 | Create | Villager (Male) |
| 21:20 | Build | Farm |
| 21:29 | Build | Farm |
| 21:38 | Create | Villager (Male) |
| 21:38 | Create | Villager (Male) |
| 21:38 | Create | Villager (Male) |
| 21:41 | Research | Bow Saw |
| 21:42 | Research | Bow Saw |
| 21:44 | Create | Longbowman |
| 21:58 | Build | Farm |
| 22:08 | Create | Villager (Male) |
| 22:30 | Build | Mill |
| 22:31 | Build | Farm |
| 22:32 | Build | Farm |
| 22:34 | Create | Villager (Male) |
| 22:35 | Create | Villager (Male) |
| 22:35 | Create | Villager (Male) |
| 22:39 | Create | Villager (Male) |
| 22:40 | Create | Villager (Male) |
| 22:40 | Create | Villager (Male) |
| 22:41 | Create | Villager (Male) |
| 22:41 | Create | Villager (Male) |
| 22:51 | Build | Farm |
| 23:03 | Research | Hand Cart |
| 23:03 | Research | Hand Cart |
| 23:08 | Create | Villager (Male) |
| 23:11 | Build | Farm |
| 23:20 | Build | Farm |
| 23:32 | Build | Farm |
| 23:47 | Build | House |
Match timeline
| 9:54 | Call me Ji Ye · first_building Barracks |
| 10:57 | Ryuuko · age_up feudal |
| 10:57 | Call me Ji Ye · age_up feudal |
| 11:05 | maoguai0714 · age_up feudal |
| 11:36 | 大刀向鬼子头上砍去 · age_up feudal |
| 11:36 | Call me Ji Ye · first_building Archery Range |
| 11:47 | Teutons_CF · age_up feudal |
| 12:33 | Aisha Nazir · first_building Barracks |
| 12:36 | rh90o5cjnqg4 · age_up feudal |
| 13:39 | Teutons_CF · first_building Barracks |
| 13:50 | Aisha Nazir · age_up feudal |
| 13:51 | ciborg · age_up feudal |
| 13:56 | maoguai0714 · first_building Barracks |
| 14:36 | Ryuuko · age_up castle |
| 14:55 | Aisha Nazir · first_market_buy 100 food |
| 14:59 | Teutons_CF · wall_segment Palisade Wall x1 |
| 15:00 | Teutons_CF · wall_segment Palisade Wall x1 |
| 15:01 | Teutons_CF · wall_segment Palisade Wall x1 |
| 15:01 | Teutons_CF · wall_segment Palisade Wall x2 |
| 15:02 | Teutons_CF · wall_segment Palisade Wall x1 |
| 15:02 | Aisha Nazir · first_market_sell 100 wood |
| 15:03 | Teutons_CF · wall_segment Palisade Wall x1 |
| 15:04 | Teutons_CF · wall_segment Palisade Wall x1 |
| 15:05 | Teutons_CF · wall_segment Palisade Wall x1 |
| 15:06 | Teutons_CF · wall_segment Palisade Wall x1 |
| 15:24 | 大刀向鬼子头上砍去 · age_up castle |
| 16:31 | rh90o5cjnqg4 · age_up castle |
| 16:34 | maoguai0714 · age_up castle |
| 16:37 | Call me Ji Ye · age_up castle |
| 16:47 | ciborg · first_building Barracks |
| 17:49 | Call me Ji Ye · first_building Castle |
| 17:49 | Teutons_CF · first_building Archery Range |
| 18:03 | Ryuuko · first_building Monastery |
| 18:41 | maoguai0714 · first_building Archery Range |
| 19:26 | ciborg · age_up castle |
| 20:25 | maoguai0714 · first_building Stable |
| 20:27 | 大刀向鬼子头上砍去 · first_market_buy 100 wood |
| 21:13 | 大刀向鬼子头上砍去 · first_building Barracks |
| 22:12 | 大刀向鬼子头上砍去 · first_building Stable |
| 22:44 | maoguai0714 · first_building Castle |
| 23:59 | Teutons_CF · first_market_sell 100 wood |
| 24:54 | rh90o5cjnqg4 · first_building Castle |
| 25:10 | ciborg · first_building Archery Range |
| 26:25 | Ryuuko · first_building Barracks |
| 27:07 | 大刀向鬼子头上砍去 · first_building Castle |
| 27:16 | maoguai0714 · first_building Siege Workshop |
| 27:24 | Ryuuko · first_building Castle |
| 27:30 | Ryuuko · first_building Archery Range |
| 27:32 | Ryuuko · first_building Stable |
| 28:37 | Call me Ji Ye · age_up imperial |
| 28:52 | rh90o5cjnqg4 · first_building Barracks |
| 28:53 | Ryuuko · age_up imperial |
| 29:41 | rh90o5cjnqg4 · first_building Stable |
| 29:42 | Ryuuko · first_building Siege Workshop |
| 30:51 | maoguai0714 · age_up imperial |
| 30:58 | rh90o5cjnqg4 · age_up imperial |
| 32:36 | Ryuuko · first_market_sell 100 food |
| 32:42 | Teutons_CF · age_up castle |
| 34:09 | ciborg · first_building Castle |
| 34:36 | 大刀向鬼子头上砍去 · age_up imperial |
| 34:43 | Teutons_CF · first_market_buy 100 wood |
| 35:05 | 大刀向鬼子头上砍去 · first_market_sell 100 food |
| 35:44 | rh90o5cjnqg4 · first_building Archery Range |
| 36:20 | Call me Ji Ye · first_building Siege Workshop |
| 36:24 | Aisha Nazir · first_building Stable |
| 36:28 | rh90o5cjnqg4 · first_market_sell 100 food |
| 36:53 | ciborg · wall_segment Stone Wall x3 |
| 36:55 | Ryuuko · first_market_buy 100 stone |
| 37:16 | 大刀向鬼子头上砍去 · first_building Monastery |
| 37:17 | ciborg · first_market_buy 100 stone |
| 37:46 | ciborg · wall_segment Stone Wall x2 |
| 37:52 | ciborg · wall_segment Stone Wall x7 |
| 38:16 | maoguai0714 · wall_segment Stone Wall x5 |
| 38:21 | maoguai0714 · wall_segment Stone Wall x4 |
| 39:01 | Teutons_CF · first_building Castle |
| 39:38 | maoguai0714 · wall_segment Stone Wall x5 |
| 39:46 | maoguai0714 · wall_segment Stone Wall x2 |
| 40:49 | ciborg · wall_segment Stone Wall x10 |
| 41:17 | ciborg · age_up imperial |
| 41:20 | ciborg · wall_segment Stone Wall x2 |
| 42:01 | ciborg · first_market_sell 500 wood |
| 42:32 | Aisha Nazir · first_building Archery Range |
| 43:18 | maoguai0714 · resign |
| 43:37 | Call me Ji Ye · first_building Stable |
[ AI ANALYSIS · 1 CREDIT ]
What really happened in this match?
Wolo.gg analyzes every decision: build order, eco, micro, common mistakes by bracket. Personalized analysis on WhatsApp or Discord in 30 seconds.
Civ guide
Huns
Map guide
Arena
Perfil
rh90o5cjnqg4